 Dungeon Sprint DCSS version 0.20-a0-1088-gd50b1d5 (webtiles) character file.

607 JiminyCricket the Severer (level 7, -19/91 HPs)
             Began as a Minotaur Berserker on May 3, 2017.
             Was a Priest of Trog.
             Demolished by Sonja
             ... wielding a +0 dagger of distortion
              (20 damage)
             ... in the Dungeon (Sprint I: "Red Sonja").
             The game lasted 00:05:15 (687 turns).

JiminyCricket the Severer (Minotaur Berserker)       Turns: 687, Time: 00:05:15

Health: -19/91     AC:  4    Str: 29    XL:     7   Next: 19%
Magic:  6/6        EV: 13    Int:  4    God:    Trog [***...]
Gold:   339        SH:  0    Dex:  9    Spells: 6/6 levels left

rFire    . . .     SeeInvis .   b - +0 scythe (slice)
rCold    . . .     Gourm    .   (shield currently unavailable)
rNeg     . . .     Faith    .   j - +0 leather armour
rPois    .         Spirit   .   (helmet restricted)
rElec    .         Reflect  .   (no cloak)
rCorr    .         Harm     .   k - +0 pair of gloves
MR       ++...     NoTele   +   (no boots)
Stlth    ..........             (no amulet)
Regen    1.3/turn               (no ring)
MPRegen  0.1/turn               (no ring)

@: berserking (expiring), lethally poisoned (-19 -> -31), regenerating, slowed
A: retaliatory headbutt, horns 2
a: Berserk, Trog's Hand, Burn Spellbooks, Renounce Religion


You were in the Dungeon.
You worshipped Trog.
Trog was most pleased with you.
You were not hungry.

You visited 1 branch You collected 405 gold pieces.
You spent 66 gold pieces at shops.

Inventory:

Hand Weapons
 a - a +0 hand axe
 b - a +0 scythe of slicing (weapon)
Armour
 j - a +0 leather armour (worn)
 k - a +0 pair of gloves (worn)
Scrolls
 i - a scroll of blinking
 l - 2 scrolls of remove curse
Potions
 d - a potion of curing
 e - a potion of heal wounds
 f - a potion of haste
 g - 2 potions of magic
 h - a potion of berserk rage
Books
 c - a book of Misfortune

   Spells                             Type                      Level
   a - Confusing Touch                Hexes                        1
   b - Confuse                        Hexes                        3
   c - Gell's Gravitas                Translocation                3
   d - Petrify                        Transmutation/Earth          4
   e - Metabolic Englaciation         Hexes/Ice                    5
   f - Yara's Violent Unravelling     Hexes/Transmutation          5
   Trog disapproves of the use of such an item.


   Skills:
 - Level 5.0 Fighting
 * Level 16.7 Axes
 - Level 4.1 Armour
 - Level 3.8 Dodging


You had 6 spell levels left.
You didn't know any spells.

Dungeon Overview and Level Annotations

Branches:
Dungeon (1/1)

Altars:
Cheibriados
Dithmenos
Elyvilon
Fedhas
Gozag
Hepliaklqana
Kikubaaqudgha
Makhleb
Nemelex Xobeh
Okawaru
Qazlal
Ru
Sif Muna
Trog
Uskayaw
Vehumet
Wu Jian
Xom
Yredelemnul
Zin
The Shining One
Jiyva
Lugonu

Shops:
D ?

Annotations:
D Sonja


Innate Abilities, Weirdness & Mutations

You reflexively headbutt those who attack you in melee.
You have a pair of horns on your head.


Message History

Sonja shoots a curare-tipped needle.
The curare-tipped needle barely misses you.
There is a radiant altar of Vehumet here.
You see here a curare-tipped needle.
You feel a strong urge to attack something.
* * * LOW HITPOINT WARNING * * *
You feel very sick.
Sonja bows elegantly.
There is an open door, spattered with blood here.
* * * LOW HITPOINT WARNING * * *
You feel very sick.
Sonja unwields an uncursed blowgun.
Sonja wields an uncursed dagger of distortion.
Its appearance distorts for a moment.
Sonja hits you with an uncursed dagger of distortion.
* * * LOW HITPOINT WARNING * * *
You feel a strange sense of stasis. Sonja hits you but does no damage.
You feel a strange sense of stasis. Sonja hits you but does no damage.
Space warps horribly around you!
You die...

######################
#<.#..'[.#..'..#__#..+
#..'[.#..'..#..'..'..#
#..#####'#####'#__####
#..####..#...#.####
#..#__####..##.#≈≈≈
#..#_____##'#§§'≈≈§
#⌠⌠#_.∩...'@K§§#§≈§
####_..__##_(#+# +#
#_____###(# #######
#.# $.$ #$.$# ##.##
#+#


You could see Sonja.

Vanquished Creatures
  A slime creature (D)
  Sigmund (D)
  A yak (D)
  An ogre (D)
  A jelly (D)
  Ijyb (D)
6 creatures vanquished.

Notes
Turn   | Place    | Note
-------+----------+-------------------------------------------
     0 | D        | JiminyCricket the Minotaur Berserker began the quest for the Orb.
     0 | D        | Reached XP level 1. HP: 19/19 MP: 0/0
     1 | D        | Noticed Ijyb
     6 | D        | Killed Ijyb
     6 | D        | Reached skill level 5 in Fighting
     6 | D        | Reached skill level 5 in Axes
     6 | D        | Reached XP level 2. HP: 29/29 MP: 1/1
    67 | D        | Noticed an ogre
    72 | D        | Killed an ogre
    72 | D        | Reached skill level 9 in Axes
    72 | D        | Reached XP level 3. HP: 11/36 MP: 2/2
    72 | D        | Reached XP level 4. HP: 13/42 MP: 3/3
   302 | D        | Noticed Sigmund
   314 | D        | Killed Sigmund
   314 | D        | Reached ** piety under Trog
   314 | D        | Reached skill level 13 in Axes
   314 | D        | Reached XP level 5. HP: 48/48 MP: 4/4
   393 | D        | Found a burning altar of Makhleb.
   393 | D        | Found a viscous altar of Jiyva.
   393 | D        | Found a shimmering altar of Xom.
   393 | D        | Found a corrupted altar of Lugonu.
   393 | D        | Noticed a slime creature
   397 | D        | Killed a slime creature
   397 | D        | Reached skill level 15 in Axes
   397 | D        | Reached XP level 6. HP: 54/56 MP: 5/5
   491 | D        | Found an ornate altar of the Wu Jian Council.
   491 | D        | Found a deep blue altar of Sif Muna.
   493 | D        | Found a radiant altar of Vehumet.
   527 | D        | Found Jineizuk's Magic Scroll Emporium.
   527 | D        | Found an ancient bone altar of Kikubaaqudgha.
   527 | D        | Found a hazy altar of Hepliaklqana.
   527 | D        | Found a stormy altar of Qazlal.
   527 | D        | Found a hide-covered altar of Uskayaw.
   527 | D        | Found a blossoming altar of Fedhas.
   527 | D        | Found a bloodstained altar of Trog.
   527 | D        | Found an iron altar of Okawaru.
   527 | D        | Found a basalt altar of Yredelemnul.
   527 | D        | Found a glowing golden altar of the Shining One.
   527 | D        | Found a snail-covered altar of Cheibriados.
   527 | D        | Found a sacrificial altar of Ru.
   527 | D        | Found a glowing silver altar of Zin.
   527 | D        | Found a shadowy altar of Dithmenos.
   527 | D        | Found a white marble altar of Elyvilon.
   527 | D        | Noticed a yak
   533 | D        | Killed a yak
   533 | D        | Reached *** piety under Trog
   533 | D        | Reached skill level 16 in Axes
   533 | D        | Reached XP level 7. HP: 32/61 MP: 6/6
   534 | D        | Found an opulent altar of Gozag.
   535 | D        | Found a sparkling altar of Nemelex Xobeh.
   539 | D        | Bought a scroll of remove curse for 33 gold pieces
   539 | D        | Bought a scroll of remove curse for 33 gold pieces
   679 | D        | Noticed Sonja
   687 | D        | HP: 1/91 [Sonja/uncursed dagger of distortion (4)]
   687 | D        | Demolished by Sonja

Vault maps used:
D:        dungeon_sprint_1

Skill      XL: |  1  2  3  4  5  6 |
---------------+-------------------+-----
Fighting       | 5 |  5.0
Axes           | 5 9 13 15 16 | 16.7
Armour         | 4 |  4.1
Dodging        | 3 |  3.8

Action                   |  1- 3 |  4- 6 |  7- 9 || total
-------------------------+-------+-------+-------++-------
Melee: Hand axe          |     7 |     5 |       ||    12
       Headbutt          |       |     5 |       ||     5
       Scythe            |       |    10 |     1 ||    11
Invok: Berserk           |     2 |     2 |     1 ||     5
       Trog's Hand       |       |       |     1 ||     1
  Eat: Bread ration      |       |     1 |       ||     1
Armor: Leather armour    |       |     1 |     2 ||     3
Dodge: Dodged            |       |     6 |     2 ||     8
